 Dungeon Crawl Stone Soup version 0.27-a0-1140-g099f9bb0e8 (webtiles) character file.

Game seed: 5799958225979951550

88179 ReteAZ the Eclecticist (level 15, -9/114 HPs)
             Began as a Djinni Earth Elementalist on May 9, 2021.
             Was the Champion of Makhleb.
             Mangled by a cyclops (15 damage)
             ... while paralysed by an ogre mage
             ... on level 2 of the Orcish Mines.
             The game lasted 00:46:35 (31729 turns).

ReteAZ the Eclecticist (Djinni Earth Elementalist) Turns: 31729, Time: 00:46:36

Health: -9/114     AC: 17    Str:  8    XL:     15   Next: 93%
Gold:   1891       EV:  2    Int: 29    God:    Makhleb [******] SH:  0 Dex: 23

rFire    + + .     SeeInvis .   n - +6 mace "Dehit" {freeze, rElec Int+3 Dex+8}
rCold    . . .     Faith    .   Q - +0 kite shield
rNeg     . . .     Spirit   .   P - +3 ring mail
rPois    ∞         Reflect  +   X - +3 hat of Pondering {ponderous, Will+ MP+10 Int+5}
rElec    +         Harm     .   Y - +0 cloak
rCorr    .         Rampage  .   c - +2 pair of gloves
Will     ++...                  (boots unavailable)
Stlth    ++........             e - amulet of reflection
HPRegen  0.29/turn              O - ring of protection from cold
MPRegen  0.00/turn              D - +4 ring of evasion

@: paralysed, flying, slow
A: sickness immunity, fire resistance 2, cold vulnerability 1, float, innate
caster, hp casting, extra vitality 1
a: Renounce Religion, Minor Destruction, Lesser Servant of Makhleb, Major
Destruction, Greater Servant of Makhleb


You were on level 2 of the Orcish Mines.
You worshipped Makhleb.
Makhleb was exalted by your worship.
You visited 4 branches of the dungeon, and saw 24 of its levels.
You also visited: Ossuary.

You collected 2147 gold pieces.
You spent 256 gold pieces at shops.

Inventory:

Hand Weapons
 n - the +6 mace "Dehit" (weapon) {freeze, rElec Int+3 Dex+8}
   (You bought it in a shop on level 3 of the Dungeon)

   It has been specially enchanted to freeze those struck by it, causing extra
   injury to most foes and up to half again as much damage against particularly
   susceptible opponents.
   It can also slow down cold-blooded creatures.
   It affects your intelligence (+3).
   It affects your dexterity (+8).
   It insulates you from electricity.
 F - a +2 long sword of freezing
Missiles
 b - 463 stones
 j - 4 javelins
 m - 26 curare-tipped darts
 M - a throwing net
Armour
 c - a +2 pair of gloves (worn)
 H - the +2 scale mail of Repulsion {SInv}
   (You found it on level 7 of the Dungeon)

   It lets you see invisible.
 P - a +3 ring mail (worn)
 Q - a +0 kite shield (worn)
 X - the +3 hat of Pondering (worn) {ponderous, Will+ MP+10 Int+5}
   (You took it off Gastronok on level 2 of the Lair of Beasts)

   It affects your intelligence (+5).
   It affects your magic capacity (+10).
   It increases your willpower.
 Y - a +0 cloak (worn)
Jewellery
 d - a +4 ring of protection
 e - an amulet of reflection (around neck)
 g - a ring of resist corrosion
 D - a +4 ring of evasion (right hand)
 O - a ring of protection from cold (left hand)
Wands
 f - a wand of flame (47)
 y - a wand of paralysis (28)
 C - a wand of iceblast (27)
 J - a wand of mindburst (1)
 K - a wand of charming (9)
 N - a wand of polymorph (17)
 U - a wand of digging (3)
 V - a wand of acid (11)
Scrolls
 k - 4 scrolls of enchant weapon
 l - 3 scrolls of enchant armour
 o - 5 scrolls of teleportation
 p - 4 scrolls of identify
 q - a scroll of fear
 r - 2 scrolls of immolation
 t - a scroll of fog
 u - 2 scrolls of summoning
 x - a scroll of blinking
 E - 2 scrolls of brand weapon
 G - a scroll of silence
 I - a scroll of acquirement
 L - 5 scrolls of magic mapping
 W - a scroll of holy word
Potions
 a - 6 potions of curing
 h - a potion of berserk rage
 i - 4 potions of might
 s - 2 potions of lignification
 v - 7 potions of heal wounds
 w - 5 potions of haste
 z - 2 potions of resistance
 A - a potion of invisibility
 S - a potion of attraction
 T - 2 potions of mutation
 Z - 2 potions of brilliance


   Skills:
 + Level 13.1 Fighting
 - Level 7.2 Armour
 - Level 8.3 Dodging
 - Level 1.5 Stealth
 + Level 11.3 Shields
 * Level 15.9 Spellcasting


You had 5 spell levels left.
You knew the following spells:

 Your Spells              Type           Power      Damage    Failure   Level
a - Sandblast             Erth           100%       2d20      0%          1
b - Passwall              Tmut/Erth      71%        N/A       1%          2
c - Stone Arrow           Conj/Erth      100%       3d13      1%          3
d - Petrify               Tmut/Erth      86%        N/A       1%          4
e - Lee's Rapid Deconstr  Erth           43%        3d22*     1%          5
f - Shock                 Conj/Air       100%       1d9       0%          1
g - Poisonous Vapours     Pois/Air       100%       N/A       1%          2
h - Ozocubu's Armour      Ice            86%        N/A       1%          3
i - Dazzling Flash        Conj/Hex       100%       N/A       1%          3
j - Lightning Bolt        Conj/Air       43%        1d62      1%          5
k - Manifold Assault      Tloc           86%        N/A       1%          5
l - Conjure Ball Lightni  Conj/Air       43%        3x3d15    1%          6
Your spell library was empty.

Dungeon Overview and Level Annotations

Branches:
Dungeon (15/15)            Temple (1/1) D:7            Lair (6/6) D:10
 Shoals (0/4) Lair:4       Spider (0/4) Lair:2        Slime (0/5) Lair:6
    Orc (2/2) D:11            Elf (0/3) Orc:2        Vaults (0/5) D:14
Ossuary (visited)
 Depths: D:15

Altars:
Ashenzari
Cheibriados
Dithmenos
Elyvilon
Fedhas
Gozag
Hepliaklqana
Kikubaaqudgha
Makhleb
Nemelex Xobeh
Okawaru
Qazlal
Ru
Sif Muna
Trog
Uskayaw
Vehumet
Wu Jian
Xom
Yredelemnul
Zin
The Shining One
Jiyva

Shops:
D:3 (   D:4 !   D:5 !   D:12 (   Orc:2 =[

Annotations:
D:8 3 runed translucent doors, Dwachs's ghost, novice DEEE
Lair:1 2 transporters


Innate Abilities, Weirdness & Mutations

You are immune to sickness and miasma.
You are immune to poison.
Your flesh is very heat resistant. (rF++)
You are vulnerable to cold. (rC-)
You float through the air rather than walking.
You learn spells naturally, not from books.
Your magical power is your life essence.
You have superior vitality. (+4 HP)


Message History

The stone arrow hits the deep troll!
The deep troll is moderately wounded.
You block the deep troll's attack.
The deep troll claws you but does no damage.
You block the deep troll's attack. The ogre barely misses you.
The stone arrow hits the deep troll!
The deep troll is moderately wounded.
The deep troll closely misses you. The deep troll claws you!
You block the deep troll's attack. The ogre barely misses you.
You block the ogre's attack. You block the troll's attack.
The troll claws you but does no damage. The troll misses you.
An ogre comes into view. It is wielding a +0 giant spiked club.
You block the deep troll's attack. x2; The deep troll closely misses you.
The troll bites you but does no damage. The troll completely misses you.
The troll barely misses you.
The ogre mage points at you and mumbles some strange words.
You suddenly lose the ability to move!
The ogre hits you with a +0 giant club!!
The ogre hits you but does no damage. The deep troll bites you!
The deep troll claws you.
The deep troll claws you but does no damage.
The cyclops hits you but does no damage.
The troll bites you! The troll claws you but does no damage.
The troll claws you!
The ogre mage points at the ogre and mumbles some strange words.
The ogre seems to speed up.
The ogre hits you with a +0 giant club! The deep troll bites you.
The deep troll claws you!
* * * LOW HITPOINT WARNING * * *
The deep troll claws you.
* * * LOW HITPOINT WARNING * * *
The ogre hits you but does no damage. The troll barely misses you.
The troll claws you!
* * * LOW HITPOINT WARNING * * *
The troll claws you.
* * * LOW HITPOINT WARNING * * *
The ogre mage hits you with a +0 whip.
* * * LOW HITPOINT WARNING * * *
The cyclops hits you!
You die...

.$.........O...
.........#....#
..∩............
.......O.......
...............
.......O......$
......)TO......
.$...)C@T......
......OOO......
...............
...............
...........^...
.<..#........>.
##.##..........
## ...........


You could see an ogre mage, a deep troll, a cyclops, a troll and 6 ogres.

Vanquished Creatures
  Gastronok (Lair:2)
  A fire dragon (Lair:4)
  The ghost of miami27 the Carver, a journeyman NaBe of Trog (D:10)
  5 hydras
  8 vault guards
  4 boulder beetles
  2 centaur warriors (D:13)
  10 two-headed ogres
  A catoblepas (Lair:3)
  3 death yaks (Lair:6)
  A deep troll (Orc:1)
  Pikel (D:8)
  A lindwurm (Lair:4)
  A deep elf pyromancer (D:11)
  An orc sorcerer (Orc:1)
  An oklob plant (Lair:1)
  A manticore (D:13)
  6 ugly things
  4 cyclopes
  25 elephants
  A merfolk siren (Lair:4)
  7 black mambas
  2 torpor snails (Lair:6)
  4 kobold demonologists
  35 cane toads
  2 gargoyles
  5 rime drakes
  10 komodo dragons
  8 trolls
  4 slime creatures (D:13)
  5 tyrant leeches
  2 polar bears
  6 dream sheep (Lair:5)
  19 blink frogs
  2 shadows
  5 wyverns
  A wraith (D:11)
  3 basilisks
  37 yaks
  12 steam dragons
  10 vampire mosquitoes
  3 wargs
  16 water moccasins
  An ice beast (D:5)
  4 black bears
  6 orc warriors
  A sky beast (D:7)
  12 ogres
  12 wolves
  9 centaurs
  A lemure (D:8)
  A phantom (D:6)
  12 kobold brigands
  17 bullfrogs
  An elf zombie (D:4)
  A gnoll sergeant (D:10)
  2 elf skeletons (D:4)
  2 scorpions (D:5)
  8 killer bees (D:9)
  3 electric eels
  7 howler monkeys
  5 centaur zombies
  A bullfrog zombie (D:6)
  7 hounds
  A human zombie (D:4)
  2 bullfrog skeletons (D:5)
  A jelly (D:5)
  8 orc priests
  A centaur skeleton (D:5)
  A gnoll shaman (D:9)
  3 iguanas
  Natasha (twice) (D:2)
  6 orc wizards
  3 killer bee zombies
  A hound skeleton (D:4)
  14 mummies (Ossuary)
  2 howler monkey zombies
  8 gnolls
  2 adders
  A shadow imp (D:6)
  2 white imps
  3 ufetubi
  An adder skeleton (D:4)
  A worm (D:4)
  2 dart slugs
  30 orcs
  5 endoplasms
  11 hobgoblins
  3 jackals (D:1)
  17 kobolds
  3 quokkas
  10 ball pythons
  4 bats
  2 frilled lizards
  5 gnoll skeletons (Ossuary)
  8 goblins
  2 goblin skeletons (Ossuary)
  A kobold skeleton (Ossuary)
  An orc skeleton (D:4)
  An orc zombie (D:4)
  4 rats
  11 rat skeletons (Ossuary)
  A butterfly (Lair:4)
574 creatures vanquished.

Vanquished Creatures (collateral kills)
  2 ball lightnings
2 creatures vanquished.

Vanquished Creatures (others)
  Nessos (D:13)
  11 ball lightnings
  78 fungi
  164 plants
254 creatures vanquished.

Grand Total: 830 creatures vanquished

Notes
Turn   | Place    | Note
-------+----------+-------------------------------------------
     0 | D:1      | ReteAZ the Djinni Earth Elementalist began the quest for
                  | the Orb.
     0 | D:1      | Reached XP level 1. HP: 15/15 MP: 0/0
   152 | D:1      | Reached skill level 3 in Spellcasting
   359 | D:1      | Reached XP level 2. HP: 18/21 MP: 0/0
  1112 | D:1      | Reached XP level 3. HP: 22/25 MP: 0/0
  1112 | D:1      | Learned a level 1 spell: Shock
  1874 | D:2      | Noticed a water moccasin
  1899 | D:2      | Noticed Natasha
  1905 | D:2      | Killed a water moccasin
  1906 | D:2      | Reached skill level 4 in Spellcasting
  1906 | D:2      | Reached XP level 4. HP: 13/31 MP: 0/0
  1906 | D:2      | Reached XP level 5. HP: 15/35 MP: 0/0
  1906 | D:2      | Learned a level 2 spell: Poisonous Vapours
  1908 | D:2      | Killed Natasha
  1909 | D:2      | Reached skill level 5 in Spellcasting
  2404 | D:2      | Noticed Natasha
  2409 | D:2      | Killed Natasha
  3073 | D:3      | Reached XP level 6. HP: 40/41 MP: 0/0
  3088 | D:3      | Found a faded altar of an unknown god.
  3207 | D:3      | Found Aklea's Antique Weapon Shop.
  3218 | D:3      | Reached skill level 1 in Armour
  3436 | D:3      | Reached skill level 1 in Fighting
  3661 | D:3      | Bought a brightly glowing mace for 160 gold pieces
  3661 | D:3      | Identified the +6 mace "Dehit" {freeze, rElec Int+3 Dex+8}
                  | (You bought it in a shop on level 3 of the Dungeon)
  4153 | D:4      | Reached XP level 7. HP: 42/48 MP: 0/0
  4153 | D:4      | Learned a level 3 spell: Ozocubu's Armour
  4188 | D:4      | Found a sand-covered staircase.
  4194 | Ossuary  | Entered an ossuary
  5001 | Ossuary  | Reached skill level 6 in Spellcasting
  6081 | D:4      | Found Ehyu's Distillery.
  6089 | D:4      | Bought a potion of heal wounds for 60 gold pieces
  6313 | D:4      | Bought a potion of curing for 36 gold pieces
  6328 | D:5      | Entered Level 5 of the Dungeon
  6374 | D:5      | Reached XP level 8. HP: 52/55 MP: 0/0
  6746 | D:5      | Reached skill level 7 in Spellcasting
  6772 | D:5      | Reached skill level 5 in Dodging
  7042 | D:5      | Found Figopuucs's Distillery.
  7273 | D:6      | Found a glowing golden altar of the Shining One.
  7520 | D:6      | Reached XP level 9. HP: 44/62 MP: 0/0
  7520 | D:6      | Learned a level 3 spell: Dazzling Flash
  8343 | D:7      | Found a staircase to the Ecumenical Temple.
  8366 | Temple   | Entered the Ecumenical Temple
  8373 | Temple   | Became a worshipper of Makhleb the Destroyer
  8485 | D:7      | Reached skill level 8 in Spellcasting
  8778 | D:7      | Reached skill level 5 in Armour
  9099 | D:7      | Identified the +2 scale mail of Repulsion {SInv}
  9251 | D:8      | Noticed Pikel
  9258 | D:8      | Killed Pikel
  9259 | D:8      | Reached skill level 5 in Fighting
  9395 | D:8      | Reached XP level 10. HP: 46/70 MP: 0/0
 10170 | D:8      | Found a runed translucent gate.
 10170 | D:8      | Found a runed translucent gate.
 10170 | D:8      | Found a runed translucent gate.
 10170 | D:8      | Noticed a brown ugly thing
 10172 | D:8      | Noticed a cyan ugly thing
 10173 | D:8      | Noticed a cyan ugly thing
 10173 | D:8      | Noticed a red ugly thing
 10455 | D:9      | Reached * piety under Makhleb
 10629 | D:9      | Reached skill level 9 in Spellcasting
 10745 | D:9      | Noticed a kobold demonologist
 10754 | D:9      | Killed a kobold demonologist
 11246 | D:9      | Found a basalt altar of Yredelemnul.
 11759 | D:10     | Entered Level 10 of the Dungeon
 12220 | D:10     | Reached XP level 11. HP: 71/78 MP: 0/0
 12220 | D:10     | Learned a level 5 spell: Lightning Bolt
 12229 | D:10     | Reached ** piety under Makhleb
 12477 | D:10     | Noticed a two-headed ogre
 12483 | D:10     | Killed a two-headed ogre
 12484 | D:10     | Reached skill level 10 in Spellcasting
 12545 | D:10     | Noticed a two-headed ogre
 12552 | D:10     | Killed a two-headed ogre
 12896 | D:10     | Found a runed translucent gate.
 12900 | D:10     | Found a broken altar of Ashenzari.
 12959 | D:10     | Found a staircase to the Lair.
 13009 | D:10     | Found a runed translucent gate.
 13010 | D:10     | Found a runed translucent gate.
 13012 | D:10     | Noticed miami27's ghost (journeyman NaBe)
 13065 | D:10     | Reached skill level 1 in Shields
 13499 | Lair:1   | Entered Level 1 of the Lair of Beasts
 13544 | Lair:1   | You are sucked into a shaft and drop 1 floor!
 14179 | Lair:2   | Found a hole to the Spider Nest.
 14185 | Lair:2   | Noticed Gastronok
 14194 | Lair:2   | Killed Gastronok
 14195 | Lair:2   | Reached skill level 11 in Spellcasting
 14195 | Lair:2   | Reached XP level 12. HP: 84/88 MP: 0/0
 14816 | Lair:1   | Found a transporter.
 15116 | Lair:1   | Found a transporter.
 15818 | Lair:3   | Reached skill level 5 in Shields
 16039 | Lair:3   | Reached *** piety under Makhleb
 16159 | Lair:3   | Reached skill level 12 in Spellcasting
 16516 | Lair:3   | Noticed a catoblepas
 17116 | Lair:3   | Killed a catoblepas
 17704 | Lair:4   | Reached XP level 13. HP: 83/95 MP: 0/0
 17704 | Lair:4   | Learned a level 5 spell: Manifold Assault
 18031 | Lair:4   | Found a staircase to the Shoals.
 18354 | Lair:4   | Reached skill level 10 in Fighting
 18662 | Lair:4   | Reached **** piety under Makhleb
 18683 | Lair:4   | Noticed a fire dragon
 18697 | Lair:4   | Killed a fire dragon
 19753 | Lair:5   | Reached skill level 13 in Spellcasting
 21328 | Lair:6   | Entered Level 6 of the Lair of Beasts
 21368 | Lair:6   | Found a staircase to the Slime Pits.
 21878 | Lair:6   | Found a viscous altar of Jiyva.
 22078 | Lair:5   | Reached XP level 14. HP: 90/105 MP: 0/0
 22474 | Lair:6   | Reached skill level 14 in Spellcasting
 22863 | Lair:6   | Reached ***** piety under Makhleb
 24829 | Lair:6   | Reached skill level 10 in Shields
 24847 | Lair:6   | Identified a scroll of acquirement
 25430 | D:10     | Reached XP level 15. HP: 112/112 MP: 0/0
 25430 | D:10     | Learned a level 6 spell: Conjure Ball Lightning
 25436 | D:10     | Killed miami27's ghost
 25437 | D:10     | Reached skill level 15 in Spellcasting
 25726 | D:8      | Found a runed translucent gate.
 25726 | D:8      | Found a runed translucent gate.
 25728 | D:8      | Noticed Dwachs's ghost (novice DEEE)
 25729 | D:8      | Found a runed translucent gate.
 26476 | D:11     | Found a staircase to the Orcish Mines.
 27604 | D:12     | You are sucked into a shaft and drop 3 floors!
 27604 | D:15     | Entered Level 15 of the Dungeon
 27900 | D:13     | Noticed Nessos
 27907 | D:13     | Killed Nessos
 29240 | D:14     | Found a gate to the Vaults.
 29930 | D:12     | Found Ileoz's Weapon Boutique.
 30538 | Orc:1    | Entered Level 1 of the Orcish Mines
 30883 | Orc:2    | Entered Level 2 of the Orcish Mines
 30883 | Orc:2    | Found Voiddi Obiekh's Armour Boutique.
 30883 | Orc:2    | Found Rasi's Jewellery Shop.
 30883 | Orc:2    | Found a staircase to the Elven Halls.
 30887 | Orc:2    | Reached ****** piety under Makhleb
 31727 | Orc:2    | Paralysed by an ogre mage for 5 turns
 31729 | Orc:2    | Mangled by a cyclops

Illustrated notes

Levels and vault maps discovered:
D:1:      matt_arrival_grand_opening, layout_basic, st_stairs_13
D:2:      layout_basic, serial_forest, infiniplex_forest_clump_double,
          infiniplex_forest_end_2, infiniplex_forest_straight_2,
          infiniplex_forest_clump_long, infiniplex_forest_clump_small,
          infiniplex_forest_lined_3, infiniplex_forest_end_3,
          infiniplex_forest_lined_corner, grunt_ministairs_3, uniq_natasha
D:3:      layout_loops_ring, ebering_ecumenical_altar_abandoned, serial_shops,
          nicolae_shop_window_shopping
D:4:      layout_cave_pools, serial_shops, shop_fountains,
          nicolae_ossuary_entry_catacombs
D:5:      layout_cave_pools, serial_shops, shop, minmay_fractal_squares_5
D:6:      layout_basic, lemuel_tele_altar, lemuel_coloured_pillars_altar,
          moated_statue
D:7:      layout_cave_pools, minmay_temple_entry_ruins
D:8:      layout_loops_ring, ploomutoo_gammafunk_ghost_potion_laboratory,
          uniq_pikel
D:9:      layout_roguey, lemuel_zombie_altar_yredelemnul
D:10:     layout_stronghold, kennysheep_mini, erik_lair_island,
          gammafunk_ghost_nasty_kobolds, minmay_between
D:11:     layout_small_grid, erik_orc_4
D:12:     layout_stronghold, serial_shops, shop
D:13:     layout_loops_ring, chequers_garden, uniq_nessos
D:14:     layout_loops_ring, erik_vaults_2, minmay_misc_feat_columns
D:15:     gammafunk_depths_entry_grave, layout_irregular_city,
          portal_ice_cave_entry_imps, nicolae_elyvilon_peaceful_grove,
          uniq_agnes
Temple:   nicolae_temple_no_exploring_needed
Lair:1:   gammafunk_cloud_chamber, layout_regular_city,
          minmay_lair_oklob_chamber
Lair:2:   layout_roguey, spider_nest_entry_web_field, serial_bayou_shore_a,
          uniq_gastronok
Lair:3:   layout_loops_ring
Lair:4:   layout_small_grid, minmay_shoals_entry_lonely_mermaid,
          bobbens_dragon_lair_wall, lemuel_fruit_fields
Lair:5:   layout_misc_corridors, lemuel_fruit_tree
Lair:6:   minmay_lair_end_frog_pond, layout_loops_ring, slime_altar_1, pond
Orc:1:    layout_caves
Orc:2:    st_orc_open, layout_caves, biasface_ghost_orc_armoury,
          minmay_orc_barracks

Skill      XL: |  1  2  3  4  5  6  7  8  9 10 11 12 13 14 15 |
---------------+----------------------------------------------+-----
Spellcasting   | 3 4 5 6 7 8 9 11 12 13 14 15 | 15.9
Armour         | 1 2 4 5 6 7 |  7.2
Fighting       | 1 2 4 5 6 8 9 11 12 13 | 13.1
Dodging        | 3 4 5 6 7 8 |  8.3
Shields        | 3 6 8 10 11 | 11.3
Stealth        | |  1.5

Action                   |  1- 3 |  4- 6 |  7- 9 | 10-12 | 13-15 || total
-------------------------+-------+-------+-------+-------+-------++-------
Melee: Dagger            |    28 |       |       |       |       ||    28
       Mace              |       |       |       |       |    26 ||    26
Throw: Stone             |     4 |       |       |       |       ||     4
 Cast: Sandblast         |    28 |    10 |     8 |    26 |    33 ||   105
       Shock             |    22 |    56 |       |       |       ||    78
       Stone Arrow       |     2 |    10 |   168 |   184 |   440 ||   804
       Poisonous Vapours |       |     2 |    15 |    51 |    14 ||    82
       Ozocubu's Armour  |       |       |     1 |       |       ||     1
       Lee's Rapid Decon |       |       |       |    43 |   140 ||   183
       Dazzling Flash    |       |       |       |     1 |     5 ||     6
       Lightning Bolt    |       |       |       |     8 |    30 ||    38
       Manifold Assault  |       |       |       |       |     3 ||     3
       Conjure Ball Ligh |       |       |       |       |     7 ||     7
Evoke: Wand              |       |       |       |     2 |     3 ||     5
  Use: Scroll            |       |       |     5 |       |    25 ||    30
       Potion            |       |       |       |       |     2 ||     2
 Stab: Invisible         |       |       |       |       |     4 ||     4
Armor: Robe              |     9 |     6 |     5 |       |       ||    20
       Scale mail        |       |       |       |    18 |       ||    18
       Ring mail         |       |       |       |    20 |   132 ||   152
Dodge: Dodged            |    19 |     5 |    20 |   114 |   376 ||   534
Block: Buckler           |       |       |       |    18 |   199 ||   217
       Kite shield       |       |       |       |       |    64 ||    64
       Reflection        |       |       |       |       |    16 ||    16

Table legend: (Time is in decaauts)
 A = Elapsed time spent in this place.
 B = Non-inter-level travel time spent in this place.
 C = Inter-level travel time spent in this place.
 D = Time resting spent in this place.
 E = Time spent auto-exploring this place.
 F = Levels seen in this place.
 G = Mean time per level.
                   A        B        C        D        E       F      G
               +--------+--------+--------+--------+--------+-----+--------+
         Total |  32524 |  31143 |   1381 |   4503 |  23093 |  25 | 1301.0 |
       Dungeon |  17524 |  16758 |    766 |   1737 |  13435 |  15 | 1168.3 |
        Temple |     14 |     14 |      0 |      0 |      0 |   1 |   14.0 |
          Lair |  12410 |  11816 |    594 |   1912 |   8291 |   6 | 2068.3 |
  Orcish Mines |   1217 |   1197 |     20 |    663 |    350 |   2 |  608.5 |
       Ossuary |   1356 |   1356 |      0 |    191 |   1017 |   1 | 1356.0 |
               +--------+--------+--------+--------+--------+-----+--------+

Top non-repeatable levels by time:
  Lair:6: 3320 daAuts
  Lair:4: 2751 daAuts
    D:10: 2307 daAuts
    D:13: 2052 daAuts
  Lair:3: 2012 daAuts
  Lair:5: 1965 daAuts
     D:1: 1609 daAuts
     D:9: 1541 daAuts
     D:2: 1448 daAuts
 Ossuary: 1356 daAuts
  Lair:2: 1343 daAuts
     D:8: 1249 daAuts
    D:12: 1206 daAuts
   Orc:1: 1195 daAuts
     D:4: 1160 daAuts
